Map: World of Sleepers LE

Players

TIME (Oliveira)

  • Race: Terran Terran
  • Spawn Location: 7:00

Serral - Winner!

  • Race: Zerg Zerg
  • Spawn Location: 1:00

Event: 2019 WCS Global FInals

VOD

Have the link to the VOD?

Description

Time

  • Played on: Oct. 25, 2019, 1:59 a.m.
  • Length: 14:19

All games in this series

Show
View Real Time Build Order
Export as new Build Order

TIME Terran 

Build Orders: Reaper Expand 

Get SALT Encoding   

  12  0:00  SCV  
  13  0:13  SCV  
  14  0:17  Supply Depot  
  14  0:25  SCV  
  15  0:39  SCV  
  15  0:41  Barracks  
  16  0:43  Refinery  
  16  0:51  SCV  
  17  1:03  SCV  
  18  1:15  SCV  
  19  1:28  Reaper, Orbital Command  
  20  1:40  Command Center  
  20  1:48  Supply Depot  
  20  1:54  SCV  
  21  2:00  Marine  
  22  2:06  SCV  
  23  2:09  Factory  
  23  2:18  SCV  
  24  2:23  Barracks Reactor  
  24  2:32  SCV  
  25  2:42  Command Center  
  25  2:51  SCV  
  25  2:53  Barracks  
  25  2:55  Orbital Command  
  26  3:06  SCV  
  26  3:08  Hellion x2  
  26  3:11  Barracks Tech Lab  
  31  3:18  SCV  
  32  3:21  SCV  
  32  3:26  Supply Depot  
  33  3:27  Refinery  
  33  3:29  Marine  
  33  3:30  SCV  
  33  3:31  Stimpack  
  35  3:34  SCV  
  36  3:42  SCV  
  36  3:46  SCV  
  36  3:47  Marine x3  
  41  3:53  Starport  
  41  3:55  Orbital Command  
  41  3:57  SCV  
  41  3:58  SCV  
  41  4:01  Factory Reactor  
  43  4:04  Marine  
  43  4:05  Marine  
  43  4:08  Marine  
  43  4:09  SCV  
  47  4:11  SCV  
  48  4:21  SCV x2  
  48  4:22  Marine x2  
  48  4:23  SCV  
  53  4:25  Marine  
  53  4:27  Supply Depot  
  54  4:33  SCV x2  
  54  4:35  SCV  
  57  4:40  Marine x2  
  57  4:42  Medivac x2  
  57  4:43  Marine, Engineering Bay x2  
  64  4:46  Factory Tech Lab  
  64  4:47  SCV x2  
  64  4:50  Supply Depot  
  66  4:58  Marine x2, Refinery x2, SCV  
  66  4:59  SCV  
  70  5:01  SCV  
  70  5:02  Marine  
  72  5:07  Supply Depot  
  72  5:11  Combat Shield  
  72  5:13  Orbital Command  
  72  5:16  Marine x2  
  72  5:17  SCV  
  72  5:19  SCV  
  72  5:20  Marine  
  77  5:22  Barracks  
  77  5:23  Starport Reactor  
  77  5:29  SCV  
  77  5:31  SCV  
  77  5:33  Terran Infantry Weapons Level 1  
  77  5:34  Marine x2  
  81  5:39  Siege Tank  
  81  5:40  Barracks x2  
  84  5:44  Marine  
  84  5:47  SCV  
  86  5:50  SCV  
  86  5:51  Marine x2, Terran Infantry Armor Level 1  
  86  5:52  SCV  
  90  6:00  SCV  
  90  6:02  Marine  
  92  6:08  Medivac x2  
  93  6:14  Supply Depot x2  
  93  6:17  Supply Depot  
  93  6:19  Marine x3  
  93  6:20  SCV x2  
  93  6:32  Barracks Reactor x2, Missile Turret  
  93  6:35  Siege Tank, Marine, SCV x2  
  99  6:40  Marine  
  99  6:41  SCV  
  99  6:46  Marine  
  102  6:48  Marine, SCV  
  102  6:50  Medivac x2  
  102  6:51  SCV  
  102  6:53  SCV  
  110  6:57  Marine, Refinery x2  
  110  6:58  Supply Depot, Marine  
  110  7:00  Armory, SCV  
  113  7:02  Marine  
  113  7:03  SCV  
  113  7:04  Marine  
  113  7:07  SCV  
  117  7:15  Supply Depot  
  117  7:16  Supply Depot  
  117  7:19  Siege Tank, Marine x2, SCV x2  
  124  7:24  Marine  
  125  7:36  Marine x2, SCV  
  120  7:40  Marine  
  120  7:41  Marine x2  
  122  7:44  Marine  
  122  7:47  Marine  
  122  7:49  SCV  
  122  7:51  SCV  
  121  7:52  Terran Infantry Armor Level 2, Terran Infantry Weapons Level 2  
  121  7:53  Marine x2  
  121  7:54  Marine  
  121  7:57  Siege Tank, SCV  
  126  8:01  Marine, SCV  
  126  8:04  Marine  
  129  8:07  Factory  
  129  8:11  Missile Turret  
  124  8:14  Marine x3  
  124  8:17  Marine  
  122  8:26  Marine x2  
  122  8:28  SCV x3  
  122  8:29  Siege Tank  
  122  8:32  Marine x2  
  122  8:33  Command Center  
  130  8:36  Marine x2, Terran Vehicle Weapons Level 1  
  130  8:37  Marine  
  130  8:40  Marine  
  134  8:44  Marine  
  135  8:49  Marine x2  
  135  8:50  Marine  
  138  8:56  Supply Depot x2  
  138  8:58  Marine  
  138  9:00  Factory Tech Lab  
  138  9:02  Supply Depot  
  139  9:03  Marine  
  139  9:04  Marine  
  139  9:07  Marine  
  140  9:12  Siege Tank  
  140  9:13  Marine  
  141  9:17  Marine, SCV  
  141  9:19  Barracks  
  141  9:21  Barracks, Supply Depot  
  141  9:22  Barracks, Supply Depot, Marine  
  141  9:23  Marine  
  138  9:27  Thor  
  138  9:31  Marine x2  
  134  9:32  Reaper  
  134  9:34  Marine x2  
  134  9:37  Medivac x2, Marine  
  140  9:43  SCV  
  140  9:44  SCV  
  142  9:48  Marine  
  142  9:52  Marine x2  
  145  9:53  Marine x2  
  145  9:55  Thor  
  145  9:58  Marine x2  
  155  10:00  Marine  
  155  10:03  Planetary Fortress  
  155  10:05  Marine  
  155  10:06  Marine  
  158  10:09  Terran Infantry Weapons Level 3  
  158  10:11  Terran Infantry Armor Level 3  
  158  10:13  Unknown  
  157  10:15  Barracks Tech Lab x2  
  157  10:16  Barracks Tech Lab  
  157  10:22  Missile Turret  
  157  10:23  Missile Turret  
  157  10:24  Marauder, Missile Turret  
  157  10:25  Marine x2  
  157  10:27  Marine x2  
  163  10:36  Marine x3  
  163  10:37  Marauder x2  
  163  10:39  Concussive Shells  
  163  10:42  Sensor Tower  
  170  10:43  Marauder  
  170  10:46  Marauder  
  174  10:50  Viking x2, Marine  
  174  10:51  Marine  
  174  10:56  Missile Turret  
  180  11:01  Marine x2  
  180  11:02  Marauder  
  172  11:04  Marine x2  
  172  11:05  Marauder  
  172  11:07  Refinery  
  172  11:09  Marine, Marauder  
  179  11:11  Siege Tank  
  182  11:21  Liberator  
  182  11:22  Marine  
  183  11:25  Orbital Command  
  183  11:28  Marine  
  183  11:29  Marauder  
  186  11:35  Siege Tank  
  186  11:36  Marine x2  
  186  11:37  Marauder  
  174  11:42  Supply Depot  
  174  11:43  Supply Depot  
  174  11:44  Supply Depot  
  174  11:48  Marine x2  
  174  11:49  Marauder  
  178  12:04  Siege Tank, Marine x3, SCV x4  
  178  12:05  Medivac, Marine  
  187  12:10  Thor  
  187  12:13  Sensor Tower  
  190  12:16  SCV  
  190  12:17  Marine, SCV  
  190  12:21  Marine  
  191  12:23  Marine x2  
  191  12:24  Marauder  
  191  12:27  Marine x2  
  191  12:28  Marauder  
  196  12:33  Marine  
  192  12:39  Siege Tank  
  192  12:41  Marine x2, SCV  
  192  12:42  Marine, Marauder  
  173  12:46  Marine x2, SCV, Marauder  
  179  12:54  Marine x2, Marauder  
  179  12:55  Marine  
  179  12:57  Marine  
  175  13:02  Marine  
  175  13:05  Orbital Command  
  176  13:07  Marine  
  176  13:10  Missile Turret  
  176  13:11  Marine  
  176  13:12  Missile Turret  
  178  13:16  Marine x2  
  178  13:17  Marine  
  181  13:29  Missile Turret  
  173  13:41  Marine  
  173  13:42  Marine  
  173  13:43  Marauder  
  173  13:44  Marine x2  
  173  13:47  Marine  
  171  13:58  Marine  
Show
View Real Time Build Order
Export as new Build Order

Serral Zerg - Winner!

Build Orders: Hatch First, Muta Ling Bane 

Get SALT Encoding   

  12  0:00  Drone  
  13  0:12  Overlord  
  13  0:17  Drone  
  14  0:30  Drone  
  14  0:31  Drone  
  16  0:47  Hatchery  
  15  0:51  Drone  
  15  0:54  Drone  
  17  0:57  Drone  
  18  1:11  Extractor  
  17  1:13  Spawning Pool  
  17  1:16  Drone  
  17  1:20  Drone  
  18  1:28  Drone  
  19  1:40  Drone  
  20  1:54  Overlord  
  20  1:59  Queen x2  
  20  2:00  Zergling x4  
  26  2:11  Drone  
  26  2:12  Drone  
  28  2:21  Drone x2  
  28  2:22  Metabolic Boost  
  30  2:34  Hatchery  
  29  2:40  Drone x2  
  31  2:48  Queen  
  33  2:52  Overlord  
  33  2:54  Drone  
  33  2:56  Drone  
  35  2:59  Drone  
  35  3:03  Pneumatized Carapace  
  36  3:11  Drone x2  
  36  3:12  Drone x2  
  40  3:19  Overlord  
  40  3:20  Drone x2  
  40  3:25  Queen  
  44  3:34  Overlord  
  44  3:41  Zergling x4  
  44  3:43  Drone x3  
  44  3:45  Drone  
  44  3:47  Queen  
  52  3:50  Zergling x2  
  52  3:51  Drone  
  54  3:55  Drone x2  
  54  3:56  Drone x2  
  54  4:01  Queen  
  60  4:04  Overlord  
  60  4:05  Drone  
  60  4:08  Drone  
  60  4:09  Drone  
  63  4:13  Drone x3  
  66  4:19  Lair  
  66  4:21  Baneling Nest  
  66  4:24  Unknown  
  64  4:25  Drone x3  
  64  4:27  Drone  
  64  4:28  Drone  
  69  4:32  Overlord  
  69  4:33  Zergling x4  
  69  4:35  Drone  
  72  4:41  Drone x3, Extractor  
  72  4:42  Extractor  
  73  4:46  Overlord  
  73  4:47  Drone  
  73  4:50  Overlord  
  73  4:51  Drone x3  
  77  4:54  Overlord  
  77  5:00  Overlord  
  77  5:05  Drone  
  77  5:06  Drone x4  
  82  5:15  Zergling x8  
  82  5:16  Evolution Chamber  
  82  5:17  Evolution Chamber  
  82  5:19  Centrifical Hooks  
  82  5:20  Zergling x2  
  82  5:21  Baneling x3, Zergling x6  
  88  5:22  Baneling x5  
  88  5:29  Overlord  
  88  5:30  Overlord  
  88  5:31  Zergling x2  
  89  5:36  Baneling x4  
  89  5:37  Hatchery  
  89  5:40  Baneling x6  
  89  5:41  Zergling x12  
  89  5:42  Zergling x2  
  96  5:47  Zerg Ground Armor Level 1  
  96  5:48  Drone  
  96  5:51  Zergling x8  
  96  5:54  Zerg Melee Weapons Level 1  
  99  6:07  Drone x3  
  99  6:11  Drone x3, Hatchery  
  100  6:13  Extractor  
  100  6:15  Baneling x5  
  100  6:17  Zergling x10  
  105  6:26  Baneling x3, Overseer  
  105  6:27  Zergling x10  
  110  6:37  Zergling x2, Spire  
  110  6:38  Zergling x4  
  109  6:44  Overlord  
  109  6:45  Baneling  
  109  6:46  Baneling x3  
  108  6:47  Overlord  
  108  6:50  Overlord  
  108  6:51  Overlord  
  108  7:00  Overlord  
  108  7:03  Drone, Hatchery  
  108  7:05  Drone x5  
  113  7:12  Overlord  
  113  7:13  Drone  
  113  7:14  Drone x4  
  118  7:21  Zergling x4  
  118  7:22  Baneling x7  
  120  7:24  Zergling x10  
  120  7:25  Queen  
  127  7:30  Zergling x2  
  127  7:33  Baneling x6  
  124  7:38  Zergling x4  
  124  7:39  Zergling x12  
  128  7:46  Zergling x6  
  129  7:53  Zergling x10  
  129  7:58  Zergling x8  
  137  8:08  Zergling x16  
  138  8:18  Zerg Ground Armor Level 2, Zerg Melee Weapons Level 2  
  135  8:22  Drone  
  135  8:23  Drone x2  
  135  8:24  Mutalisk x7  
  135  8:27  Zerg Flyer Weapons Level 1  
  149  8:30  Infestation Pit  
  149  8:33  Drone x4  
  152  8:35  Overlord  
  152  8:38  Mutalisk x3  
  152  8:41  Hatchery  
  157  8:42  Overlord x3  
  157  8:46  Overlord  
  157  8:57  Spore Crawler  
  157  8:58  Spore Crawler  
  152  9:05  Zergling x22, Unknown  
  152  9:09  Hive  
  154  9:10  Mutalisk  
  154  9:11  Mutalisk x3  
  162  9:19  Zergling x22  
  171  9:32  Mutalisk x3  
  171  9:33  Overseer  
  177  9:39  Drone x3, Hatchery  
  177  9:41  Drone x6  
  177  9:44  Zergling x4  
  187  9:46  Baneling x4, Nydus Network  
  187  9:52  Zergling x6  
  189  9:54  Queen  
  191  10:01  Zergling x16  
  191  10:04  Baneling x9  
  191  10:05  Baneling x2  
  199  10:15  Spore Crawler  
  199  10:16  Spore Crawler  
  199  10:17  Spore Crawler, Drone x2  
  199  10:21  Zerg Flyer Armor Level 1  
  198  10:22  Zergling x2  
  198  10:24  Baneling x9  
  198  10:27  Burrow  
  195  10:43  Nydus Canal  
  195  10:46  Zergling x10  
  199  10:51  Baneling x4  
  199  10:54  Zerg Melee Weapons Level 3  
  199  10:57  Ultralisk Cavern, Nydus Canal  
  193  11:07  Zergling x18  
  200  11:14  Nydus Canal  
  200  11:17  Baneling x14  
  196  11:31  Zergling x2  
  196  11:32  Zergling x16  
  199  11:39  Mutalisk  
  187  11:40  Baneling x10  
  187  11:44  Zergling x8  
  187  11:45  Chitinous Plating, Zergling x22  
  197  11:50  Drone x5  
  197  11:54  Baneling x6  
  197  11:58  Baneling  
  197  11:59  Baneling x3  
  197  12:01  Zergling x6  
  198  12:12  Nydus Canal  
  198  12:13  Zergling x2  
  198  12:14  Zergling x2  
  199  12:21  Nydus Canal  
  197  12:29  Baneling x14  
  197  12:33  Nydus Canal  
  197  12:35  Zergling x2  
  197  12:36  Zergling x24  
  196  12:40  Zergling x14  
  196  12:41  Zergling x16  
  197  12:46  Extractor  
  197  12:47  Extractor  
  192  12:56  Zergling x14  
  192  12:57  Zergling x14  
  193  13:01  Baneling x13  
  193  13:04  Anabolic Synthesis  
  193  13:09  Extractor  
  193  13:10  Extractor  
  191  13:23  Zergling x18  
  200  13:27  Hatchery  
  200  13:30  Baneling x11  
  199  13:38  Hatchery  
  199  13:40  Zergling x14  
  199  13:45  Baneling x5  
  199  13:46  Zergling x8  
  200  13:49  Baneling x2  
  200  13:50  Baneling x12  
  197  13:56  Zergling x6  
Tags
 
Add a new tag
Caveats
  • Supply blocks, unpowered buildings, or Contaminate may cause inaccurate times.
  • Supply counts are checked every 10 seconds.